 Dungeon Crawl Stone Soup version 0.17-a0-1582-ge6b0260 (webtiles) character file.

10 urechis the Magician (level 2, 0/15 HPs)
             Began as a Gargoyle Wizard on July 27, 2015.
             Slain by a jackal (1 damage)
             ... on level 1 of the Dungeon.
             The game lasted 00:01:19 (957 turns).

urechis the Magician (Gargoyle Wizard)               Turns: 957, Time: 00:01:19

Health: 0/15       AC:  4    Str: 10    XL:     2   Next: 20%
Magic:  1/6        EV: 11    Int: 18    God:
Gold:   41         SH:  0    Dex:  8    Spells: 1 memorised, 6 levels left

rFire  . . .     SeeInvis .     i - +0 dagger
rCold  . . .     Clarity  .     a - +0 robe
rNeg   + . .     SustAt   .     (no shield)
rPois  ∞         Gourm    .     b - +0 hat
rElec  +         Spirit   .     (no cloak)
rCorr  .         Warding  .     (no gloves)
rMut   .         Stasis   .     (no boots)
MR     .....                    (no amulet)
Stlth  ++........               (no ring)
                                (no ring)

@: very slightly contaminated, not resistant to hostile enchantments, unstealthy
A: negative energy resistance 1, electricity resistance, unbreathing,
petrification resistance, rot immunity, AC +2
a: no special abilities


You were on level 1 of the Dungeon.
You were not hungry.

You visited 1 branch of the dungeon, and saw 1 of its levels.

You collected 41 gold pieces.

Inventory:

Hand weapons
 i - a +0 dagger (weapon)
Armour
 a - a +0 robe (worn)
 b - a +0 hat (worn)
Scrolls
 e - a scroll of teleportation {unknown}
 f - a scroll of magic mapping {unknown}
 h - a scroll of blinking {unknown}
 k - a scroll of remove curse {unknown}
Potions
 g - 2 potions of curing {unknown}
Books
 c - a book of Minor Magic

   Spells                             Type                      Level
   a - Magic Dart                     Conjuration                  1
   b - Blink                          Translocation                2
   c - Call Imp                       Summoning                    2
   d - Repel Missiles                 Charms/Air                   2
   e - Slow                           Hexes                        2
   f - Conjure Flame                  Conjuration/Fire             3
   g - Mephitic Cloud                 Conjuration/Poison/Air       3
Comestibles
 d - a bread ration
 j - a meat ration


   Skills:
 - Level 1.5 Dodging
 - Level 2.1 Stealth
 + Level 3.1 Spellcasting
 * Level 2.1 Conjurations
   Level 0.8 Summonings
   Level 0.8 Translocations


You had 6 spell levels left.
You knew the following spells:

 Your Spells              Type           Power        Failure   Level  Hunger
a - Magic Dart            Conj           ##..         10%         1    None


Dungeon Overview and Level Annotations

Branches:
Dungeon (1/15)

Altars:


Innate Abilities, Weirdness & Mutations

You are resistant to torment.
Your stone body is resilient (AC +2).
You are immune to poison.
You resist negative energy.
You are resistant to electric shocks.
You can survive without breathing.
You are immune to petrification.
You are immune to rotting.


Message History

Casting: Magic Dart
Confirm with . or Enter, or press ? or * to list all spells.
You don't have enough magic to cast that spell.
You closely miss the jackal.
The jackal is severely wounded.
The jackal bites you.
* * * LOW HITPOINT WARNING * * *
The jackal barely misses you.
You barely miss the jackal.
The jackal is severely wounded.
The jackal bites you.
* * * LOW HITPOINT WARNING * * *
The jackal barely misses you.
You hit the jackal.
You kill the jackal!
You closely miss the jackal.
The jackal bites you but does no damage. x2
You hit the jackal but do no damage. The jackal closely misses you.
You barely miss the jackal. The jackal bites you.
You die...

..............(.............#
.......##...................#
.......#............>.......#
....................#.......#
.#......#############.......#
#8#.....# ######### ........#
........#############
............†..h@...#
.........'########+.#
.........#........#.#
##...###.#.'####+.#.#############
.........#.#....#.#..............
.........#.#.##.#.#..............
.#.......#.#.##.#.#.......#######
.........#.#....#.#....##.##.....
.......#.#.'####+.#..#.##.##.####


You could see a jackal.

Vanquished Creatures
  A hobgoblin (D:1)
  3 bats (D:1)
  2 goblins (D:1)
  2 jackals (D:1)
  2 rats (D:1)
10 creatures vanquished.

Notes
Turn   | Place    | Note
--------------------------------------------------------------
     0 | D:1      | urechis the Gargoyle Wizard began the quest for the Orb.
     0 | D:1      | Reached XP level 1. HP: 10/10 MP: 4/4
   686 | D:1      | Reached XP level 2. HP: 15/15 MP: 1/6
   957 | D:1      | Slain by a jackal

Vault maps used:
D:1:      eino_arrival_cavern_b, kennysheep_decorative_pillar, minivault_11

Action                   || total
-------------------------++-------
Melee: Unarmed           ||     7
       Dagger            ||     6
 Cast: Magic Dart        ||    32
